 Dungeon Crawl Stone Soup version 0.23-a0-391-g8c51ad5 (webtiles) character file.

147 lemonriz the Chopper (level 5, -9/47 HPs)
             Began as a Hill Orc Fighter on Oct 30, 2018.
             Splashed by Ijyb's acid (18 damage)
             ... on level 3 of the Dungeon.
             The game lasted 00:02:50 (2171 turns).

lemonriz the Chopper (Hill Orc Fighter)             Turns: 2171, Time: 00:02:51

Health: -9/47      AC:  8    Str: 20    XL:     5   Next: 29%
Magic:  5/5        EV:  7    Int: 10    God:
Gold:   139        SH:  9    Dex: 10    Spells: 4/4 levels left

rFire    . . .     SeeInvis .   a - +0 war axe
rCold    . . .     Gourm    .   c - +0 shield
rNeg     . . .     Faith    .   b - +0 scale mail
rPois    .         Spirit   .   h - +0 helmet
rElec    .         Reflect  .   (no cloak)
rCorr    .         Harm     .   (no gloves)
MR       .....                  (no boots)
Stlth    ..........             (no amulet)
HPRegen  0.15/turn              k - +4 ring of protection
MPRegen  0.09/turn              q - +2 ring of intelligence

@: corroded
A: no striking features
a: no special abilities


You were on level 3 of the Dungeon.
You were not hungry.

You visited 1 branch of the dungeon, and saw 3 of its levels.

You collected 139 gold pieces.

Inventory:

Hand Weapons
 a - a +0 war axe (weapon)
Missiles
 r - 105 stones (quivered)
Armour
 b - a +0 scale mail (worn)
 c - a +0 shield (worn)
 h - a +0 helmet (worn)
Jewellery
 k - a +4 ring of protection (left hand)
 q - a +2 ring of intelligence (right hand)
Scrolls
 g - a scroll of amnesia {unknown}
 i - a scroll of random uselessness {unknown}
 j - a scroll of magic mapping {unknown}
 l - a scroll of fog {unknown}
 o - a scroll of remove curse {unknown}
 p - 2 scrolls of identify {unknown}
Potions
 d - 2 potions of might
 e - a potion of lignification {unknown}
 m - 2 potions of magic {unknown}
Comestibles
 f - 5 rations
 n - 4 chunks of flesh


   Skills:
 + Level 4.4 Fighting
 * Level 5.0 Axes
 + Level 4.0 Armour
 + Level 4.1 Shields


You had 4 spell levels left.
You didn't know any spells.
Your spell library was empty.

Dungeon Overview and Level Annotations

Branches:
Dungeon (3/15)

Altars:
Nemelex Xobeh
Trog

Annotations:
D:3 Ijyb


Message History

You open the large door.
A goblin comes into view.
The goblin shouts!
A goblin comes into view.
Ijyb the Twisted Goblin comes into view.
She is wielding a +0 club and carrying
There are monsters nearby!
Some of the chunks of flesh in your inventory have rotted away.
You slash the goblin!
You kill the goblin!
Ijyb zaps a wand.
The bolt of acid hits you! The acid corrodes you!
You are splashed with acid!
The acid burns!
You hit Ijyb.
Ijyb is moderately wounded.
You block Ijyb's attack.
You closely miss Ijyb.
Ijyb is moderately wounded.
Ijyb zaps a wand.
The bolt of acid hits you!
* * * LOW HITPOINT WARNING * * *
The acid corrodes you!
You are splashed with acid!
The acid burns!
You die...

### ########### #≈≈
......'...# #≈≈
......g...# #≈≈####
#@..#
#≈≈...##########...#
#≈≈...#............#
#≈≈...#)...........#
#≈≈..##)##.....##'##
#≈≈..#...#.....#...#
#≈≈..#...#.....#...#
#≈≈..#...#.....#...#
#≈≈..##'##.....##)##


You could see Ijyb.

Vanquished Creatures
  A hound zombie (D:3)
  Robin (D:2)
  4 adders
  2 dart slugs
  2 leopard geckos
  5 orcs (D:3)
  5 giant cockroaches
  17 goblins
  8 hobgoblins
  8 jackals
  6 bats
  2 frilled lizards
  5 kobolds
  4 rats
70 creatures vanquished.

Notes
Turn   | Place    | Note
-------+----------+-------------------------------------------
     0 | D:1      | lemonriz the Hill Orc Fighter began the quest for the Orb.
     0 | D:1      | Reached XP level 1. HP: 19/19 MP: 1/1
   130 | D:1      | Reached skill level 3 in Axes
   262 | D:1      | Reached XP level 2. HP: 27/27 MP: 2/2
   269 | D:1      | You fall through a shaft!
   275 | D:2      | Noticed Robin
   292 | D:2      | Killed Robin
   295 | D:2      | Reached XP level 3. HP: 21/33 MP: 3/3
  1153 | D:2      | Reached skill level 4 in Axes
  1242 | D:2      | Reached XP level 4. HP: 25/40 MP: 4/4
  1638 | D:3      | Found a sparkling altar of Nemelex Xobeh.
  1766 | D:3      | Reached XP level 5. HP: 47/47 MP: 5/5
  1816 | D:3      | Found a bloodstained altar of Trog.
  2053 | D:3      | Reached skill level 5 in Axes
  2162 | D:3      | Noticed Ijyb
  2171 | D:3      | Splashed by Ijyb's acid

Vault maps used:
D:1:      nicolae_arrival_somewhat_less_tricky_arrival
D:2:      uniq_robin
D:3:      kennysheep_goblin_castle, nemelex_xobeh_ov_fountains_minmay,
          old_standard_altar

Skill      XL: |  1  2  3  4  5 |
---------------+----------------+-----
Axes           | 3 4 5 |  5.0
Fighting       | 4 |  4.4
Armour         | 4 |  4.0
Shields        | 4 |  4.1

Action                   |  1- 3 |  4- 6 || total
-------------------------+-------+-------++-------
Melee: War axe           |   120 |   117 ||   237
Throw: Stone             |       |     4 ||     4
  Eat: Chunk             |     1 |     4 ||     5
Armor: Scale mail        |    64 |    94 ||   158
Dodge: Dodged            |    46 |    45 ||    91
Block: Shield            |    53 |    81 ||   134

Table legend:
 A = Non-vault XP
 B = Vault XP
 C = Vault XP percentage of total XP
 D = Non-vault monster count
 E = Vault monster count
 F = Vault count percentage of total count
                 A         B        C        D         E       F
            +---------+---------+-------+---------+---------+-------
      Total |     165 |      45 |  21.4 |      52 |      18 |  25.7
            +---------+---------+-------+---------+---------+-------
        D:1 |      26 |       0 |   0.0 |      14 |       0 |   0.0
        D:2 |      50 |      27 |  35.1 |      16 |       8 |  33.3
        D:3 |      89 |      18 |  16.8 |      22 |      10 |  31.2
            +---------+---------+-------+---------+---------+-------
